Map: Neon Violet Square LE

Players

Infamous - Winner!

  • Race: Protoss Protoss
  • League: Silver
  • Spawn Location: 5:00

XCiphel

  • Race: Protoss Protoss
  • League: Silver
  • Spawn Location: 11:00

VOD

Have the link to the VOD?

Description

Time

  • Played on: April 10, 2018, 12:43 p.m.
  • Length: 5:57
Show
View Real Time Build Order
Export as new Build Order

Infamous Protoss - Winner!

Build Orders: 1 Gate Expand 

Get SALT Encoding   

  12  0:01  Probe  
  13  0:14  Probe (Chrono Boost)  
  13  0:19  Pylon  
  14  0:26  Probe (Chrono Boost)  
  15  0:38  Probe (Chrono Boost), Gateway  
  16  0:56  Probe  
  17  1:03  Assimilator  
  17  1:14  Probe  
  18  1:22  Nexus  
  18  1:27  Probe  
  19  1:36  Cybernetics Core  
  19  1:46  Pylon  
  19  1:56  Probe  
  19  2:01  Assimilator  
  20  2:03  Pylon  
  20  2:08  Probe (Chrono Boost)  
  21  2:20  Probe (Chrono Boost)  
  22  2:33  Probe (Chrono Boost)  
  22  2:36  Warp Gate (Chrono Boost)  
  24  2:37  Probe (Chrono Boost)  
  24  2:45  Probe (Chrono Boost), Stalker  
  27  3:01  Gateway  
  27  3:02  Gateway  
  27  3:03  Probe (Chrono Boost)  
  28  3:06  Gateway  
  29  3:14  Probe (Chrono Boost)  
  29  3:15  Probe (Chrono Boost)  
  30  3:25  Probe (Chrono Boost)  
  30  3:28  Stalker  
  32  3:42  Pylon  
  32  3:45  Robotics Facility  
  32  3:47  Probe x2  
  33  3:59  Probe x2  
  34  4:18  Probe x2  
  34  4:37  Stalker x4  
  42  4:49  Probe x2  
  42  4:53  Assimilator  
  42  4:56  Assimilator  
  40  5:03  Zealot x4  
  44  5:13  Probe x2  
  46  5:18  Pylon  
  46  5:28  Stalker x3  
  56  5:44  Forge  
  56  5:45  Probe  
Show
View Real Time Build Order
Export as new Build Order

XCiphel Protoss 

Build Orders:  

Get SALT Encoding   

  12  0:02  Probe  
  13  0:15  Pylon  
  13  0:25  Probe  
  14  0:36  Gateway  
  14  0:38  Probe (Chrono Boost)  
  15  0:47  Assimilator  
  15  0:50  Probe (Chrono Boost)  
  16  0:59  Probe (Chrono Boost)  
  18  1:11  Probe  
  18  1:17  Assimilator  
  18  1:23  Probe  
  19  1:35  Probe  
  19  1:38  Pylon  
  20  1:47  Probe  
  20  1:48  Cybernetics Core  
  21  1:59  Probe  
  22  2:04  Pylon  
  22  2:11  Probe  
  23  2:23  Gateway  
  23  2:31  Robotics Facility  
  23  2:40  Nexus  
  23  2:47  Warp Gate  
  23  2:51  Pylon  
  23  2:53  Adept  
  25  3:13  Zealot  
  27  3:20  Immortal (Chrono Boost)  
  31  3:47  Assimilator  
  31  3:51  Immortal (Chrono Boost)  
  31  3:53  Probe  
  36  4:05  Probe  
  33  4:17  Probe  
  34  4:27  Immortal (Chrono Boost), Adept x2  
  42  4:36  Probe (Chrono Boost)  
  43  4:48  Probe (Chrono Boost)  
  44  4:55  Probe (Chrono Boost)  
  41  5:02  Immortal, Probe  
  46  5:18  Probe  
  46  5:20  Shield Battery  
  47  5:26  Robotics Facility  
  47  5:30  Probe  
  48  5:40  Gateway  
  53  5:42  Probe  
Tags
 
Add a new tag
Caveats
  • Supply blocks, unpowered buildings, or Contaminate may cause inaccurate times.
  • Supply counts are checked every 10 seconds.